cohdb
Replays
Latest Replays
All Replays
Popular Replays
Top Player Replays
Match Explorer
How It Works
Community
CoH3 Stats
Reddit
Sign in to upload your games and track your stats! →
Sign in with Steam
Match 44415349
Unlisted
Match 44415349
Overview
Messages
Build Orders
End
Kettenkrad Recon Vehicle
Construct Infanterie Kompanie
MG 42 Machine Gun Team
MG 42 Machine Gun Team
GrW 34 Mortar Team
Construct Luftwaffe Kompanie
Grenadier Squad
Jäger Squad
Jäger Squad
Jäger Squad
Luftwaffe Officer Quarters
Jäger Squad
Jäger Squad
Arixen
-----CSINYO----(HUN)
shenli1207
威风八面
Geth Sympathizer
Serial Chiller
Colonial Marines
刘亦菲绯闻男友
0
0
Comments
sign in to comment!
No comments posted yet!